Map: Base du roi Sejong EC

Players

TeXic - Winner!

  • Race: Terran Terran
  • League: Diamond

Worming

  • Race: Zerg Zerg
  • League: Diamond

VOD

Have the link to the VOD?

Description

Time

  • Played on: Aug. 14, 2016, 2:34 p.m.
  • Length: 11:14
Show
View Real Time Build Order
Export as new Build Order

TeXic Terran - Winner!

Build Orders: Reaper Expand, MMM Bio 

Get SALT Encoding   

  12  0:01  SCV  
  13  0:13  SCV  
  14  0:17  Supply Depot  
  14  0:25  SCV  
  15  0:39  SCV  
  15  0:40  Barracks  
  16  0:44  Refinery  
  16  0:51  SCV  
  17  1:03  SCV  
  18  1:15  SCV  
  19  1:28  Orbital Command, Reaper  
  20  1:41  Command Center  
  20  1:51  Supply Depot  
  20  1:53  SCV  
  21  2:01  Barracks Reactor  
  21  2:05  SCV  
  22  2:10  Barracks  
  22  2:17  SCV  
  22  2:19  Refinery  
  23  2:27  Factory  
  23  2:29  SCV  
  24  2:41  SCV  
  24  2:43  Marine x2  
  27  2:53  SCV  
  27  2:54  Orbital Command  
  28  3:00  Barracks Tech Lab  
  28  3:01  Marine  
  28  3:04  Marine  
  30  3:06  SCV  
  31  3:14  Starport  
  31  3:17  Factory Reactor  
  31  3:18  SCV  
  31  3:19  Marine  
  33  3:21  SCV  
  33  3:22  Marine  
  35  3:29  Marine  
  35  3:33  SCV x2  
  38  3:36  Marine  
  38  3:38  Stimpack  
  38  3:40  Marine  
  40  3:45  SCV  
  40  3:46  Marine, Supply Depot, SCV  
  43  3:57  SCV  
  43  3:58  SCV  
  43  3:59  Marine  
  46  4:08  Medivac x2, Marine x2  
  46  4:09  SCV  
  53  4:10  Supply Depot, SCV  
  54  4:25  Engineering Bay  
  54  4:26  Engineering Bay  
  54  4:31  Marine x3  
  54  4:32  SCV x2  
  54  4:34  Factory Tech Lab  
  59  4:44  SCV x2  
  61  4:49  Marine  
  62  4:55  Supply Depot  
  62  4:58  Supply Depot  
  62  5:04  Supply Depot  
  62  5:17  Medivac x2, Siege Tank, SCV  
  62  5:19  SCV, Marine x3  
  73  5:29  Command Center, SCV  
  73  5:32  SCV  
  73  5:33  Terran Infantry Weapons Level 1  
  72  5:36  Refinery x2  
  72  5:37  Marine  
  72  5:39  Barracks  
  72  5:40  Marine  
  72  5:41  Barracks, SCV  
  75  5:43  Barracks  
  75  5:56  Marine  
  78  5:57  Siege Tank, Marauder  
  78  5:59  SCV x2  
  79  6:11  SCV  
  79  6:12  Marine  
  79  6:14  Medivac  
  79  6:15  SCV  
  84  6:23  Terran Infantry Armor Level 1, SCV  
  85  6:26  Marine  
  85  6:28  Barracks Tech Lab  
  85  6:29  Barracks Tech Lab  
  86  6:35  Supply Depot  
  86  6:38  Supply Depot x2, SCV x2  
  86  6:39  Supply Depot  
  88  6:50  SCV x2  
  90  6:56  Orbital Command  
  90  6:58  Combat Shields, Barracks Tech Lab  
  90  6:59  Concussive Shells  
  90  7:02  SCV x2  
  90  7:04  Supply Depot  
  90  7:05  Marine x2  
  90  7:06  Supply Depot, Marauder  
  96  7:08  Supply Depot  
  96  7:12  Barracks  
  96  7:13  Barracks  
  96  7:19  Marauder x3  
  102  7:22  Marine  
  102  7:23  Marine  
  92  7:45  Marine x2  
  92  7:46  Siege Tank, Marauder x4  
  92  7:47  Medivac x2  
  109  7:53  Armory  
  109  7:59  Orbital Command  
  109  8:01  Supply Depot  
  109  8:02  Supply Depot  
  109  8:07  Marine x3  
  109  8:08  Marauder x2, Marine  
  109  8:11  SCV x2  
  119  8:20  Siege Tank  
  119  8:23  SCV  
  119  8:26  SCV, Marauder  
  119  8:27  SCV  
  127  8:33  Marine x4  
  127  8:34  Marine  
  132  8:35  SCV  
  132  8:37  Barracks Reactor x2  
  132  8:40  Refinery  
  133  8:43  Refinery, Terran Infantry Weapons Level 2  
  133  8:47  Marauder  
  133  8:48  Terran Infantry Armor Level 2  
  135  9:00  Medivac, Marauder x3  
  135  9:02  SCV x2  
  145  9:08  Command Center, Marine  
  145  9:09  Marine x2  
  148  9:21  Marauder x3  
  146  9:27  Marine  
  146  9:28  Marine x6  
  144  9:34  Missile Turret x2  
  144  9:38  Missile Turret  
  144  9:42  Liberator x2, Marine x3  
  146  9:45  Marine  
  146  9:46  Marine x6  
  159  10:00  Marauder, Marine  
  159  10:01  Marauder  
  159  10:04  Marauder  
  166  10:08  Factory  
  166  10:09  Factory  
  166  10:10  Marine x4  
  166  10:11  Marine  
  171  10:14  Marine  
  171  10:18  Marine  
  173  10:27  Marauder, Marine x2  
  177  10:28  Siege Tank  
  172  10:36  Marauder  
  172  10:40  Marine  
  172  10:41  Marine x5  
  156  10:45  Marauder x2  
  156  10:48  Marine  
  166  11:02  Supply Depot x2  
  166  11:03  Supply Depot  
  161  11:11  Missile Turret  
  161  11:13  Missile Turret x2  
Show
View Real Time Build Order
Export as new Build Order

Worming Zerg 

Build Orders: Hatch First, Muta Ling Bane 

Get SALT Encoding   

  12  0:01  Drone  
  13  0:12  Overlord  
  13  0:17  Drone  
  14  0:32  Drone x2  
  16  0:39  Drone  
  17  0:52  Hatchery  
  16  1:01  Drone  
  17  1:09  Spawning Pool  
  16  1:13  Drone  
  17  1:21  Drone x2  
  17  1:23  Extractor  
  18  1:40  Overlord  
  18  1:43  Drone  
  19  2:04  Queen x2  
  19  2:05  Zergling x6  
  26  2:12  Drone  
  27  2:20  Drone  
  28  2:24  Metabolic Boost  
  28  2:33  Drone x3  
  29  2:48  Drone  
  29  2:49  Drone x2  
  32  3:04  Drone x3  
  35  3:14  Hatchery  
  35  3:17  Overlord  
  34  3:22  Overlord  
  34  3:30  Overlord  
  34  3:32  Overlord  
  34  3:54  Drone x11  
  45  4:09  Baneling Nest  
  44  4:10  Extractor  
  44  4:11  Extractor  
  44  4:16  Lair  
  42  4:18  Queen  
  44  4:25  Zergling x14  
  44  4:26  Zergling x2  
  52  4:33  Evolution Chamber  
  52  4:34  Evolution Chamber  
  52  4:38  Drone  
  51  4:42  Drone x2  
  53  4:55  Baneling x4  
  53  5:04  Zerg Melee Weapons Level 1, Zerg Ground Armor Level 1  
  53  5:05  Overlord x2  
  53  5:07  Drone x3  
  55  5:21  Centrifical Hooks  
  54  5:31  Zergling x2  
  54  5:32  Pneumatized Carapace  
  55  5:40  Spine Crawler  
  55  5:42  Drone x6  
  60  5:43  Spore Crawler  
  60  5:46  Extractor  
  60  5:48  Drone x2  
  60  5:51  Spore Crawler  
  60  5:52  Drone x4  
  60  6:14  Drone x4  
  60  6:15  Spore Crawler  
  63  6:20  Drone x5  
  63  6:21  Spire  
  67  6:26  Drone  
  67  6:31  Zergling x4  
  70  6:38  Spore Crawler, Drone x6  
  75  6:42  Extractor  
  75  6:44  Baneling x3  
  75  6:45  Zergling x6  
  77  6:51  Drone x3, Extractor  
  77  6:52  Drone x2  
  77  6:54  Drone  
  82  7:03  Zerg Melee Weapons Level 2, Overlord x2  
  82  7:04  Zerg Ground Armor Level 2  
  82  7:23  Zergling x20  
  86  7:39  Queen x2  
  84  7:48  Queen  
  86  8:02  Zerg Flyer Weapons Level 1  
  86  8:07  Drone x4  
  90  8:13  Overlord x5  
  86  8:42  Baneling x8  
  86  8:44  Hatchery, Mutalisk  
  86  8:45  Mutalisk x9  
  86  8:47  Overseer  
  86  8:48  Overseer  
  105  8:51  Drone  
  105  8:53  Zergling x2  
  105  8:54  Zergling x8  
  111  9:09  Burrow  
  109  9:10  Zergling x12  
  109  9:16  Baneling x4  
  104  9:30  Zergling x4  
  104  9:31  Zergling x16  
  90  9:47  Zergling x20  
  91  9:59  Zergling x10  
  85  10:07  Baneling x9  
  85  10:08  Baneling x7  
  85  10:09  Zergling x2  
  85  10:10  Zergling x4  
  87  10:17  Zergling x2  
  87  10:18  Zergling x6  
  88  10:22  Extractor x2, Spine Crawler x2  
  88  10:27  Zergling x10  
  83  10:32  Mutalisk x4  
  82  10:42  Baneling x5  
  74  10:48  Zergling x2  
  74  10:49  Zergling x10  
  75  10:50  Baneling x4  
Tags
 
Add a new tag
Caveats
  • Supply blocks, unpowered buildings, or Contaminate may cause inaccurate times.
  • Supply counts are checked every 10 seconds.